 Dungeon Crawl Stone Soup version 0.27-a0-1228-gfd60fd639a (webtiles) character file.

Game seed: 18282526675489433398

17352 HoaS the Impaler (level 12, -3/70 HPs)
             Began as a Tengu Berserker on June 8, 2021.
             Was a High Priest of Trog.
             Slain by a black mamba (7 damage)
             ... on level 3 of the Lair of Beasts.
             The game lasted 00:25:29 (9929 turns).

HoaS the Impaler (Tengu Berserker)                  Turns: 9929, Time: 00:25:29

Health: -3/70      AC: 16    Str: 23    XL:     12   Next: 47%
Magic:  13/13      EV: 10    Int:  7    God:    Trog [*****.]
Gold:   623        SH:  0    Dex: 14    Spells: 11/11 levels left

rFire    + . .     SeeInvis .   t - +0 glaive
rCold    . . .     Faith    .   (shield currently unavailable)
rNeg     . . .     Spirit   .   a - +0 plate armour
rPois    .         Reflect  .   o - +2 hat
rElec    .         Harm     .   j - +1 cloak
rCorr    .         Rampage  .   (no gloves)
Will     +....                  (boots unavailable)
Stlth    ..........             b - amulet of regeneration
HPRegen  1.21/turn              v - ring of willpower
MPRegen  0.13/turn              x - ring of protection from fire

@: lethally poisoned (-3 -> -8), flying quickly and evasively, quick
A: beak, talons 3, nimble flight
a: Renounce Religion, Berserk, Trog's Hand, Brothers in Arms


You were on level 3 of the Lair of Beasts.
You worshipped Trog.
Trog was extremely pleased with you.
You visited 2 branches of the dungeon, and saw 12 of its levels.

You collected 623 gold pieces.

Inventory:

Hand Weapons
 t - a +0 glaive (weapon)
 w - a +0 trident of flaming
Missiles
 u - 3 throwing nets
Armour
 a - a +0 plate armour (worn)
 j - a +1 cloak (worn)
 o - a +2 hat (worn)
Jewellery
 b - an amulet of regeneration (around neck)
 r - a ring of protection from cold
 v - a ring of willpower (left hand)
 x - a ring of protection from fire (right hand)
Wands
 c - a wand of digging (5)
 h - a wand of flame (38) (quivered)
 n - a wand of iceblast (32)
 y - a wand of polymorph (8)
 A - a wand of acid (8)
 B - a wand of paralysis (9)
Scrolls
 D - 4 scrolls of teleportation
 E - 2 scrolls of fear
Potions
 d - 5 potions of curing
 e - 3 potions of haste
 f - 2 potions of cancellation
 g - 2 potions of might
 i - 2 potions of ambrosia
 k - a potion of flight {unknown}
 l - 3 potions of heal wounds
 p - a potion of magic {unknown}
 s - 2 potions of lignification {unknown}
 z - 2 potions of mutation {unknown}


   Skills:
 - Level 6.2 Fighting
 * Level 18.8 Polearms
 - Level 4.7 Armour
 - Level 4.7 Dodging


You had 11 spell levels left.
You didn't know any spells.
Your spell library was empty.

Dungeon Overview and Level Annotations

Branches:
Dungeon (9/15)             Temple (0/1) D:7            Lair (3/6) D:9
  Swamp (0/4) Lair:3       Spider (0/4) Lair:2
    Orc: D:9-12

Altars:
Ashenzari
Cheibriados
Fedhas
Gozag
Hepliaklqana
Kikubaaqudgha
Uskayaw
Vehumet
Yredelemnul
Zin

Shops:
D:9 *


Innate Abilities, Weirdness & Mutations

You have a beak for a mouth.
You have claws for feet.
Your magical nature lets you fly swiftly and evasively.


Message History

The flash freeze hits you!!
You are encased in ice.
A black mamba comes into view.
The black mamba hisses angrily.
The rime drake barely misses you.
You hit the rime drake but do no damage.
The rime drake bites you but does no damage.
You slice the rime drake!! Your kick misses the rime drake.
The rime drake is severely wounded.
The ice encasing you melts away.
The black mamba bites you but does no damage.
The rime drake bites you but does no damage.
The black mamba bites you!
You barely miss the rime drake. Your peck misses the rime drake.
The rime drake is severely wounded.
The black mamba bites you but does no damage.
The rime drake breathes ice at you. The flash freeze hits you!
You are encased in ice.
You are too injured to fight recklessly!
You are too injured to fight recklessly!
You are too injured to fight recklessly!
You closely miss the rime drake. Your kick misses the rime drake.
Your peck misses the rime drake.
The rime drake is severely wounded.
The black mamba barely misses you. The rime drake closely misses you.
You closely miss the rime drake. You claw the rime drake.
The rime drake is severely wounded.
The black mamba bites you! x2
* * * LOW HITPOINT WARNING * * *
You are lethally poisoned!
The black mamba poisons you!
You slash the rime drake! Your kick misses the rime drake.
The rime drake is almost dead.
The ice encasing you melts away.
* * * LOW HITPOINT WARNING * * *
You feel very sick.
The rime drake bites you but does no damage.
The black mamba bites you!
You die...

*,<,,,,* ***,,.......*
**,*,,,****,,.##.#...#*
**,*,,,,,,,,,,.......###
,*,,,,,,,,,**,...#.....#
,*,,,***,****,,#..##..####
,,,,,***,,* #,##.........#
,,,,,,*,,**##.#....#..#.<#*
,,,,,**,,..#.......#†.##..#
**,,,,**,......k@.....##.##
**,,,,,*,###.#..S..#P..#.#
,,,,*,,,,* *#......#..##.#
,*,,,,,,,* *#.#!.#.......#
,,,,,,,,,* #..##..###....#
*,,,**,*,**#.**#.#*,#.#..#
*****,,,,,*.,**#.#**,.^.##
* **,,,*##,,,...***...# *
*,,,,**,,,,,,**,*,*,**


You could see a black mamba and a rime drake (catching breath).

Vanquished Creatures
  2 hydras (Lair:1)
  A catoblepas (Lair:1)
  3 two-headed ogres (D:9)
  An orb spider (Lair:2)
  3 black mambas
  8 cane toads
  A rime drake (Lair:1)
  4 komodo dragons
  The ghost of GrimJard the Skirmisher, an amateur DrAE (D:4)
  The ghost of bmj180 the Magician, an amateur DrWz (D:4)
  A troll (D:9)
  3 blink frogs (Lair:2)
  The ghost of Protee the Ducker, an amateur DjIE (D:4)
  The ghost of sn0wgr3 the Skirmisher, an amateur GrFi (D:4)
  6 yaks (Lair:1)
  2 wyverns
  A steam dragon (D:9)
  2 acid dragons
  7 water moccasins
  An orc warrior (D:7)
  A black bear (D:3)
  3 sky beasts
  A hornet zombie (D:7)
  An ogre (D:7)
  8 wolves
  The ghost of Sassenached the Shooter, an amateur DgWn (D:4)
  3 centaurs
  3 ice beasts
  A necrophage (D:7)
  3 phantoms
  4 bullfrogs
  4 kobold brigands
  A gnoll sergeant (D:8)
  A water moccasin zombie (D:4)
  5 scorpions
  A water moccasin skeleton (D:5)
  12 killer bees
  4 howler monkeys
  3 centaur zombies (D:9)
  A bullfrog zombie (D:6)
  2 orc priests
  A bullfrog skeleton (D:4)
  A jelly (D:6)
  2 gnoll shamans
  5 iguanas
  Natasha (thrice) (D:4)
  4 orc wizards
  3 killer bee zombies (D:8)
  3 hound skeletons
  2 howler monkey zombies (D:6)
  13 gnolls
  A howler monkey skeleton (D:6)
  7 adders
  A shadow imp (D:7)
  A white imp (D:6)
  2 adder skeletons (D:4)
  A worm (D:4)
  2 dart slugs
  8 orcs
  5 bats
  6 endoplasms
  5 giant cockroaches
  8 goblins
  4 hobgoblins
  4 jackals (D:3)
  5 quokkas
  7 ball pythons
  2 frilled lizards
  16 kobolds
  2 rats
237 creatures vanquished.

Vanquished Creatures (others)
  An orc (D:4)
  4 fungi (Lair:2)
  6 plants
11 creatures vanquished.

Grand Total: 248 creatures vanquished

Notes
Turn   | Place    | Note
-------+----------+-------------------------------------------
     0 | D:1      | HoaS the Tengu Berserker began the quest for the Orb.
     0 | D:1      | Reached XP level 1. HP: 14/14 MP: 2/2
   242 | D:1      | Reached XP level 2. HP: 19/19 MP: 3/3
   302 | D:1      | Reached skill level 4 in Polearms
   439 | D:1      | Reached ** piety under Trog
   440 | D:1      | Found a faded altar of an unknown god.
   461 | D:1      | Reached XP level 3. HP: 22/23 MP: 4/4
   876 | D:2      | Reached skill level 5 in Polearms
  1080 | D:3      | Noticed a black bear
  1093 | D:3      | Killed a black bear
  1094 | D:3      | Reached skill level 6 in Polearms
  1094 | D:3      | Reached XP level 4. HP: 28/28 MP: 5/5
  1094 | D:3      | Gained mutation: Your magical nature lets you fly swiftly
                  | and evasively. [Tengu growth]
  1094 | D:3      | Reached XP level 5. HP: 32/32 MP: 6/6
  1217 | D:3      | Reached skill level 7 in Polearms
  1975 | D:3      | Reached *** piety under Trog
  1976 | D:3      | Reached XP level 6. HP: 28/37 MP: 7/7
  2204 | D:4      | Reached skill level 8 in Polearms
  2297 | D:4      | Found a runed translucent gate.
  2298 | D:4      | Found a runed translucent gate.
  2299 | D:4      | Found a runed translucent gate.
  2300 | D:4      | Noticed Protee's ghost (amateur DjIE)
  2300 | D:4      | Noticed bmj180's ghost (amateur DrWz)
  2301 | D:4      | Noticed GrimJard's ghost (amateur DrAE)
  2301 | D:4      | Noticed Sassenached's ghost (amateur DgWn)
  2301 | D:4      | Noticed sn0wgr3's ghost (amateur GrFi)
  2322 | D:4      | Noticed Natasha
  2328 | D:4      | Killed Natasha
  2341 | D:4      | Reached XP level 7. HP: 35/41 MP: 8/8
  2475 | D:4      | Found a snail-covered altar of Cheibriados.
  2510 | D:4      | Noticed Natasha
  2516 | D:4      | Killed Natasha
  2517 | D:4      | Reached skill level 9 in Polearms
  2635 | D:4      | Noticed Natasha
  2640 | D:4      | Killed Natasha
  2824 | D:5      | Entered Level 5 of the Dungeon
  3162 | D:4      | Reached skill level 10 in Polearms
  3162 | D:4      | Reached XP level 8. HP: 46/46 MP: 9/9
  3221 | D:4      | Reached **** piety under Trog
  3455 | D:5      | Reached skill level 11 in Polearms
  3662 | D:5      | Identified the +3 ring mail "Xerawex" {Harm Will+ Str+4
                  | Dex+2}
  3868 | D:5      | Found a glowing silver altar of Zin.
  4184 | D:6      | Reached skill level 12 in Polearms
  4371 | D:6      | Reached XP level 9. HP: 51/51 MP: 10/10
  4414 | D:6      | Found a blossoming altar of Fedhas.
  4876 | D:4      | Killed sn0wgr3's ghost
  4879 | D:4      | Killed Protee's ghost
  4890 | D:4      | Killed GrimJard's ghost
  4891 | D:4      | Reached skill level 5 in Fighting
  4896 | D:4      | Killed Sassenached's ghost
  4961 | D:4      | Killed bmj180's ghost
  5199 | D:7      | Found a staircase to the Ecumenical Temple.
  5224 | D:7      | Reached XP level 10. HP: 26/60 MP: 11/11
  5419 | D:7      | Reached skill level 13 in Polearms
  5907 | D:8      | Found an ancient bone altar of Kikubaaqudgha.
  6252 | D:8      | Found a broken altar of Ashenzari.
  6252 | D:8      | Found a radiant altar of Vehumet.
  6782 | D:9      | Reached ***** piety under Trog
  6783 | D:9      | Noticed a two-headed ogre
  6791 | D:9      | HP: 1/90 [two-headed ogre/+0 giant club (15)]
  6793 | D:9      | Killed a two-headed ogre
  6794 | D:9      | Reached skill level 14 in Polearms
  6896 | D:9      | Found a staircase to the Lair.
  6918 | D:9      | Noticed a two-headed ogre
  6930 | D:9      | Killed a two-headed ogre
  6943 | D:9      | Reached skill level 15 in Polearms
  6974 | D:9      | Reached XP level 11. HP: 59/64 MP: 12/12
  7106 | D:9      | Noticed a two-headed ogre
  7117 | D:9      | Killed a two-headed ogre
  7126 | D:9      | Found Gozag's Platinum Reserve.
  7130 | D:9      | Found an opulent altar of Gozag.
  7355 | D:9      | Found a basalt altar of Yredelemnul.
  7355 | D:9      | Found a hide-covered altar of Uskayaw.
  7462 | D:9      | Found a hazy altar of Hepliaklqana.
  7617 | Lair:1   | Entered Level 1 of the Lair of Beasts
  7627 | Lair:1   | Noticed a seven-headed hydra
  7638 | Lair:1   | Killed a seven-headed hydra
  7695 | Lair:1   | Reached skill level 16 in Polearms
  8002 | Lair:1   | Reached skill level 17 in Polearms
  8452 | Lair:1   | Noticed a six-headed hydra
  8461 | Lair:1   | Killed a six-headed hydra
  8462 | Lair:1   | Reached XP level 12. HP: 51/70 MP: 13/13
  8876 | Lair:2   | Noticed a catoblepas
  8901 | Lair:1   | Killed a catoblepas
  8952 | Lair:2   | Reached skill level 18 in Polearms
  9006 | Lair:2   | Identified the +0 leather armour of Peoss {rPois Will+ MP-9
                  | Int+7}
  9447 | Lair:2   | Found a hole to the Spider Nest.
  9929 | Lair:3   | Slain by a black mamba

Illustrated notes

Levels and vault maps discovered:
D:1:      saegor_arrival_simple_d, layout_loops_ring,
          hellmonk_ecumenical_altar_pennies_from_heaven, kennysheep_nondescript,
          chequers_serial_rivers_micro_c, minmay_worlds_worst_comb
D:2:      layout_basic, glass_columns_a
D:3:      layout_basic
D:4:      layout_cave_pools, lemuel_crystal_altar, gammafunk_ghost_cemetery,
          uniq_natasha
D:5:      layout_rooms, zin_treasury, corexii_leaking_fountain,
          lemuel_another_geyser
D:6:      layout_loops_ring, fedhas_bush_and_centaur_altar, st_stairs_3
D:7:      layout_rooms, minmay_temple_entry_statues_pillars
D:8:      layout_basic, gammafunk_temple_overflow_pools, lemuel_round_altar,
          grunt_decor_resistance, chequers_serial_rivers_small_a,
          skrybe_limestone_x, minmay_crystal_room
D:9:      layout_long_grid, nicolae_gozag_zags_fifth_avenue, kennysheep_mini,
          gammafunk_temple_overflow_elements, dpeg_oklobed_lair,
          chequers_serial_rivers_micro_c, minivault_1, minmay_diced_spiral
Lair:1:   cheibrodos_lair_river_kwai, layout_hall_layers, minivault_27,
          infiniplex_staircase_pool_2, grunt_megastairs_1
Lair:2:   layout_roguey, nicolae_spider_entry_orb_guardian, lemuel_fruit_tree
Lair:3:   layout_loops_ring, minmay_swamp_entry_worms, gauntlet_entry_generic

Skill      XL: |  1  2  3  4  5  6  7  8  9 10 11 12 |
---------------+-------------------------------------+-----
Polearms       | 4 6 7 8 10 12 15 17 18 | 18.8
Dodging        | 4 |  4.7
Fighting       | 6 |  6.2
Armour         | 4 |  4.7

Action                   |  1- 3 |  4- 6 |  7- 9 | 10-12 || total
-------------------------+-------+-------+-------+-------++-------
Melee: Spear             |    90 |   102 |   331 |       ||   523
       Kick              |    17 |    27 |   113 |    93 ||   250
       Peck              |     7 |    19 |    78 |    78 ||   182
       Halberd           |       |       |    19 |    44 ||    63
       Glaive            |       |       |       |   389 ||   389
       Trident           |       |       |       |    20 ||    20
Invok: Berserk           |     1 |       |     2 |     4 ||     7
       Trog's Hand       |       |       |       |     1 ||     1
Evoke: Wand              |       |       |       |     2 ||     2
  Use: Scroll            |     4 |     3 |     5 |     9 ||    21
       Potion            |       |       |     1 |       ||     1
 Stab: Sleeping          |     7 |     2 |       |     1 ||    10
Armor: Animal skin       |     8 |     3 |       |       ||    11
       Ring mail         |       |    22 |    62 |       ||    84
       Scale mail        |       |       |    20 |     8 ||    28
       Plate armour      |       |       |       |   203 ||   203
       Troll leather arm |       |       |       |    29 ||    29
Dodge: Dodged            |    24 |    54 |   141 |   246 ||   465

Table legend: (Time is in decaauts)
 A = Elapsed time spent in this place.
 B = Non-inter-level travel time spent in this place.
 C = Inter-level travel time spent in this place.
 D = Time resting spent in this place.
 E = Time spent auto-exploring this place.
 F = Levels seen in this place.
 G = Mean time per level.
                   A        B        C        D        E       F      G
               +--------+--------+--------+--------+--------+-----+--------+
         Total |   9147 |   8680 |    467 |   1680 |   5277 |  12 |  762.2 |
       Dungeon |   7017 |   6609 |    408 |   1278 |   4008 |   9 |  779.7 |
          Lair |   2130 |   2071 |     59 |    401 |   1269 |   3 |  710.0 |
               +--------+--------+--------+--------+--------+-----+--------+

Top non-repeatable levels by time:
  Lair:1: 1274 daAuts
     D:4: 1101 daAuts
     D:8: 1000 daAuts
     D:3: 990 daAuts
  Lair:2: 839 daAuts
     D:5: 824 daAuts
     D:9: 807 daAuts
     D:6: 679 daAuts
     D:1: 674 daAuts
     D:7: 538 daAuts
     D:2: 399 daAuts
  Lair:3: 16 daAuts
